 Seeded DCSS version 0.30.0-15-g856e2d3f33 (webtiles) character file.

Game seed: 4251730087505265810 (custom seed)

3184 bmack86 the Cleaver (level 9, -3/81 HPs)
             Began as a Minotaur Fighter on May 19, 2023.
             Was a Believer of Okawaru.
             Slain by a chaos spawn (9 damage)
             ... on level 2 of the Abyss.
             The game lasted 00:19:32 (6914 turns).

bmack86 the Cleaver (Minotaur Fighter)              Turns: 6914, Time: 00:19:34

Health: -3/81      AC: 21    Str: 25    XL:     9   Next: 64%
Magic:  11/11      EV:  8    Int:  5    God:    Okawaru [**....]
Gold:   342        SH:  6    Dex: 14    Spells: 8/8 levels left

rFire   . . .        a - +0 war axe
rCold   . . .        h - +1 buckler {rN+}
rNeg    + . .        B - +6 chain mail "Rulon" {Regen+ Dex+4 Slay-6}
rPois   .            (helmet restricted)
rElec   .            q - +2 cloak
rCorr   .            (no gloves)
SInv    .            j - +0 pair of boots
Will    +....        y - amulet of magic regeneration Stlth
                     g - ring of willpower
HPRegen 1.13/turn    (no ring)
MPRegen 0.52/turn

%: no passive effects
@: studying Invocations
A: horns 2, retaliatory headbutt
a: Renounce Religion, Heroism


You were on level 2 of the Abyss.
You worshipped Okawaru.
Okawaru was pleased with you.
You visited 2 branches of the dungeon, and saw 9 of its levels.
You visited the Abyss 1 time.
You also visited: Sewer.

You collected 589 gold pieces.
You spent 247 gold pieces at shops.

Inventory:

Hand Weapons
 a - a +0 war axe (weapon)
 C - the +9 lance "Wyrmbane" {slay drac, rPois rF+ rC+ AC+3}
   (You took it off Maggie on level 7 of the Dungeon)

   AC:        It affects your AC (+3).
   rF:        It protects you from fire.
   rC:        It protects you from cold.
   rPois:     It protects you from poison.
Missiles
 r - 3 boomerangs
 v - a curare-tipped dart
Armour
 b - a +0 scale mail
 c - a +0 buckler
 h - a +1 buckler of positive energy (worn)
 j - a +0 pair of boots (worn)
 q - a +2 cloak (worn)
 B - the +6 chain mail "Rulon" (worn) {Regen+ Dex+4 Slay-6}
   (You bought it in a shop on level 1 of the Dungeon)

   Dex:       It affects your dexterity (+4).
   Slay:      It affects your accuracy & damage with ranged weapons and melee
   (-6).
   Regen:     It increases your rate of health regeneration.
Jewellery
 g - a ring of willpower (left hand)
 s - a ring of positive energy
 x - a ring of ice
 y - an amulet of magic regeneration (around neck)
 D - a ring of ice
 F - a ring of fire
Wands
 d - a wand of roots (12)
 p - a wand of mindburst (10) (quivered)
 G - a wand of polymorph (15)
Scrolls
 k - a scroll of amnesia {unknown}
 m - 2 scrolls of teleportation
 o - 3 scrolls of immolation
 t - a scroll of vulnerability
 u - 2 scrolls of fear
Potions
 e - 3 potions of curing
 f - 3 potions of mutation
 i - 4 potions of heal wounds
 l - a potion of invisibility {unknown}
 n - 5 potions of brilliance
 w - 2 potions of flight {unknown}
 z - a potion of attraction
 A - a potion of magic
 E - 2 potions of cancellation


   Skills:
 + Level 8.1 Fighting
 * Level 10.7 Axes
 + Level 4.0 Throwing
 + Level 8.2 Armour
 - Level 4.1 Shields
 + Level 5.1 Invocations


You had 8 spell levels left.
You didn't know any spells.
Your spell library contained the following spells:

 Spells                   Type           Power      Damage    Failure   Level
 Magic Dart               Conj           0%         1d3       95%         1
 Slow                     Hex            0%         N/A       95%         1
 Blink                    Tloc           0%         N/A       99%         2
 Lesser Beckoning         Tloc           0%         N/A       99%         2
 Momentum Strike          Conj/Tloc      0%         3d8       99%         2
 Scorch                   Fire           0%         2d5       99%         2
 Searing Ray              Conj           0%         2d4       99%         2
 Static Discharge         Conj/Air       0%         2-2/arc   99%         2
 Sublimation of Blood     Necr           0%         N/A       99%         2
 Wereblood                Tmut           0%         N/A       99%         2
 Confusing Touch          Hex            0%         N/A       100%        3
 Frozen Ramparts          Ice            0%         1d1       100%        3
 Vampiric Draining        Necr           0%         2d6       100%        3
 Airstrike                Air            0%         2d(0-16)  100%        4
 Flame Wave               Conj/Fire      0%         2d4       100%        4
 Fulminant Prism          Conj/Hex       0%         3d5       100%        4
 Ice Form                 Ice/Tmut       0%         N/A       100%        4
 Blade Hands              Tmut           0%         N/A       100%        5
 Irradiate                Conj/Tmut      0%         3d11      100%        5
 Dragon Form              Tmut           0%         N/A       100%        7
 Summon Small Mammal      Summ           Unusable   N/A       N/A         1
 Call Canine Familiar     Summ           Unusable   N/A       N/A         3
 Summon Guardian Golem    Hex/Summ       Unusable   N/A       N/A         3
 Summon Ice Beast         Ice/Summ       Unusable   N/A       N/A         4
 Summon Lightning Spire   Summ/Air       Unusable   N/A       N/A         4
 Summon Cactus Giant      Summ           Unusable   N/A       N/A         6
 Summon Hydra             Summ           Unusable   N/A       N/A         7

Dungeon Overview and Level Annotations

Branches:
Dungeon (8/15)             Temple (1/1) D:6           Sewer (visited)
   Lair: D:8-11

Altars:
Cheibriados
Dithmenos
Elyvilon
Gozag
Makhleb
Okawaru
Qazlal
Ru
Sif Muna
Trog
Uskayaw
Wu Jian
Yredelemnul
Zin
The Shining One

Shops:
D:1 [   D:4 (   D:6 !

Annotations:
D:8 Psyche


Innate Abilities, Weirdness & Mutations

You have a pair of horns on your head.
You reflexively headbutt those who attack you in melee.


Message History

You miss something. You headbutt something.
Something hits you but does no damage.
You barely miss something. Your headbutt misses something.
Something hits you but does no damage.
You are cast into the Abyss!
This branch contains the abyssal rune of Zot.
Reactivating autopickup.
You feel like a meek peon again.
A lurking horror comes into view.
A chaos spawn comes into view.
You start to feel less resistant.
You slash the lurking horror!
Your body is wracked with pain!
You hit the chaos spawn but do no damage.
The chaos spawn gores you!
The chaos spawn gores you but does no damage.
The chaos spawn hits you! The chaos spawn shocks you. You resist.
You hit the chaos spawn but do no damage.
You headbutt the chaos spawn, but do no damage.
Your resistance to elements expires.
The chaos spawn hits you but does no damage.
You completely miss the chaos spawn. Your headbutt misses the chaos spawn.
You closely miss the chaos spawn. You headbutt the chaos spawn!
The chaos spawn is moderately wounded.
The chaos spawn gores you but does no damage.
The chaos spawn closely misses you.
You barely miss the chaos spawn.
The chaos spawn is moderately wounded.
You barely miss the chaos spawn.
You headbutt the chaos spawn, but do no damage.
The chaos spawn is moderately wounded.
The chaos spawn closely misses you. You furiously retaliate!
You headbutt the chaos spawn! You closely miss the chaos spawn.
You headbutt the chaos spawn.
The chaos spawn is severely wounded.
The chaos spawn hits you!
* * * LOW HITPOINT WARNING * * *
Space warps horribly around you!
* * * LOW HITPOINT WARNING * * *
The chaos spawn hits you!
You die...

. ### .
#...####.### ###
### #..#...#.. #.#
... #.......#####
.##..# ..
#........... .....
#
...#..#............
.# #..........##. #
. ## .
###.4@.........#...
. ..
##.#............#.
.# # ..
.....#..#... ...
...#............
..... #..
.#...###.####.. ##
#..##..............
...# .. #...#..
##### ##. ..
#.#..##### ## #.#..


You could see a chaos spawn.

Vanquished Creatures
  Maggie (D:7)
  Prince Ribbit (D:6)
  A steam dragon (D:7)
  Duvessa (D:7)
  3 ice beasts
  A sky beast (D:7)
  2 black bears
  3 ogres
  A phantom (D:5)
  The ghost of hattop the Changer, an amateur MfTm (D:4)
  A kobold brigand (Sewer)
  3 scorpions
  2 gnoll sergeants
  Dowan (D:7)
  4 wights
  A howler monkey (D:6)
  A jelly (D:5)
  A hound (D:5)
  Crazy Yiuf (D:2)
  5 orc priests
  A gnoll bouda (D:7)
  3 sleepcaps
  3 iguanas
  Terence (D:2)
  An orc wizard (D:6)
  14 gnolls
  7 adders
  6 river rats (Sewer)
  2 white imps
  3 ufetubi
  A dart slug (D:4)
  19 orcs
  10 ball pythons
  4 endoplasms
  3 giant cockroaches (D:1)
  5 goblins
  8 hobgoblins
  9 jackals
  6 kobolds
  6 quokkas
  5 bats
  4 frilled lizards
  9 rats
  A lurking horror (Abyss:2)
166 creatures vanquished.

Notes
Turn   | Place    | Note
-------+----------+-------------------------------------------
     0 | D:1      | bmack86 the Minotaur Fighter began the quest for the Orb.
     0 | D:1      | Reached XP level 1. HP: 19/19 MP: 0/0
   146 | D:1      | Reached XP level 2. HP: 27/27 MP: 1/1
   241 | D:1      | Reached skill level 3 in Axes
   397 | D:1      | Found Pupriupi's Antique Armour Shop.
   933 | D:2      | Found a runed translucent door.
   934 | D:2      | Noticed Crazy Yiuf
   999 | D:2      | Noticed Terence
  1007 | D:2      | Killed Terence
  1008 | D:2      | Reached XP level 3. HP: 11/33 MP: 2/2
  1541 | D:2      | Reached XP level 4. HP: 27/40 MP: 3/3
  1678 | D:2      | Killed Crazy Yiuf
  1679 | D:2      | Reached skill level 4 in Axes
  2170 | D:3      | Reached XP level 5. HP: 47/47 MP: 4/4
  2620 | D:4      | Found a glowing drain.
  2634 | Sewer    | Entered a sewer
  2904 | Sewer    | Reached skill level 5 in Fighting
  2904 | Sewer    | Reached skill level 5 in Axes
  2904 | Sewer    | Reached skill level 5 in Armour
  2926 | Sewer    | Reached XP level 6. HP: 47/56 MP: 5/5
  3381 | D:4      | Found a snail-covered altar of Cheibriados.
  3481 | D:4      | Found Ostreihur's Weapon Shop.
  3794 | D:4      | Reached skill level 6 in Axes
  3905 | D:4      | Found a runed translucent door.
  3907 | D:4      | Noticed hattop's ghost (amateur MfTm)
  3919 | D:4      | Killed hattop's ghost
  3921 | D:4      | Noticed an ice beast
  3928 | D:4      | Killed an ice beast
  3929 | D:4      | Reached XP level 7. HP: 51/62 MP: 6/6
  4106 | D:1      | Bought a shimmering chain mail for 247 gold pieces
  4106 | D:1      | Identified the +6 chain mail "Rulon" {Regen+ Dex+4 Slay-6}
                  | (You bought it in a shop on level 1 of the Dungeon)
  4199 | D:4      | Reached skill level 7 in Axes
  4478 | D:5      | Entered Level 5 of the Dungeon
  4707 | D:5      | Reached skill level 8 in Axes
  4707 | D:5      | Reached skill level 1 in Throwing
  4707 | D:5      | Reached XP level 8. HP: 71/71 MP: 7/7
  4744 | D:5      | Found a shimmering blue altar of Sif Muna.
  4777 | D:5      | Found a shadowy altar of Dithmenos.
  4791 | D:5      | Found a basalt altar of Yredelemnul.
  5202 | D:6      | Found a staircase to the Ecumenical Temple.
  5233 | Temple   | Entered the Ecumenical Temple
  5241 | Temple   | Became a worshipper of Warmaster Okawaru
  5292 | D:6      | Found Qenissom's Distillery.
  5349 | D:6      | Reached skill level 1 in Invocations
  5463 | D:6      | Found a glowing golden altar of the Shining One.
  5630 | D:6      | Reached skill level 9 in Axes
  5864 | D:6      | Noticed Prince Ribbit
  5900 | D:6      | Killed Prince Ribbit
  5900 | D:6      | Reached * piety under Okawaru
  5909 | D:6      | Found an opulent altar of Gozag.
  6085 | D:7      | Reached XP level 9. HP: 79/79 MP: 10/10
  6148 | D:7      | Noticed Duvessa
  6149 | D:7      | Noticed Dowan
  6157 | D:7      | Killed Duvessa
  6180 | D:7      | Killed Dowan
  6181 | D:7      | Reached skill level 10 in Axes
  6217 | D:7      | Found an ornate altar of the Wu Jian Council.
  6265 | D:7      | Reached ** piety under Okawaru
  6321 | D:7      | Found a glowing silver altar of Zin.
  6453 | D:7      | Noticed Maggie
  6468 | D:7      | Killed Maggie
  6542 | D:7      | Reached skill level 5 in Invocations
  6860 | D:8      | Noticed Psyche
  6880 | Abyss:2  | Cast into level 2 of the Abyss (Psyche)
  6914 | Abyss:2  | Slain by a chaos spawn

Illustrated notes

Levels and vault maps discovered:
D:1:      lemuel_arrival_funnel, layout_basic, serial_shops,
          nicolae_shop_behind_doors, amcnicky_mini_pool_small,
          minmay_misc_feat_more_columns
D:2:      layout_loops_cross, cheibrodos_gnoll_hut, uniq_crazy_yiuf_cottage,
          uniq_terence
D:3:      layout_loops_ring, minmay_crystal_water
D:4:      layout_loops_corners, kennysheep_slug_shrine, serial_shops,
          nicolae_lakefront_shop, cheibrodos_sewer_entry_sluice,
          ebering_ghost_inner_flame
D:5:      layout_cave_pools, mainiacjoe_overflow_six_doors_small,
          mainiacjoe_overflow_catwalk_spiral
D:6:      layout_gridville, nicolae_gozag_seed_capital,
          mainiacjoe_overflow_catwalk, temple_pool_b, serial_shops,
          nicolae_shop_tiny_statue_garden, kennysheep_dice, uniq_prince_ribbit1
D:7:      layout_loops_ring, mainiacjoe_overflow_concentric_impassable,
          mainiacjoe_overflow_small_starburst, uniq_maggie, uniq_duvessa
D:8:      layout_basic, mainiacjoe_overflow_divided_tiny, dpeg_oklobed_lair,
          minivault_1, uniq_joseph, uniq_psyche, uniq_pikel, uniq_erica
Temple:   pdpol_scorched_temple
Abyss:2:  base: Temple, evilmike_abyss_exit_plants

Skill      XL: |  1  2  3  4  5  6  7  8  9 |
---------------+----------------------------+-----
Axes           | 3 4 5 6 8 9 10 | 10.7
Fighting       | 4 5 6 7 8 |  8.1
Armour         | 4 5 6 7 8 |  8.2
Shields        | 4 |  4.1
Throwing       | 1 3 4 |  4.0
Invocations    | 3 5 |  5.1

Action                     |  1- 3 |  4- 6 |  7- 9 || total
---------------------------+-------+-------+-------++-------
  Melee: War axe           |    62 |   169 |   310 ||   541
         Headbutt          |     8 |    24 |    76 ||   108
  Throw: Boomerang         |       |     6 |    26 ||    32
 Invoke: Heroism           |       |       |     3 ||     3
  Evoke: Wand              |       |       |     6 ||     6
    Use: Scroll            |       |     6 |    12 ||    18
         Potion            |       |       |     1 ||     1
 Armour: Scale mail        |    25 |    75 |       ||   100
         Chain mail        |       |       |   212 ||   212
  Dodge: Dodged            |    31 |    69 |   107 ||   207
  Block: Buckler           |    17 |    31 |    81 ||   129
